 Dungeon Crawl Stone Soup version 0.24-a0-317-g5cb8de4 (webtiles) character file.

Game seed: 424759582040736836

2826 Borgoz the Carver (level 9, 0/78 HPs)
             Began as a Hill Orc Gladiator on May 16, 2019.
             Slain by a gnoll shaman
             ... wielding a +1 whip of electrocution
              (17 damage)
             ... on level 7 of the Dungeon.
             The game lasted 00:19:04 (7968 turns).

Borgoz the Carver (Hill Orc Gladiator)              Turns: 7968, Time: 00:19:04

Health: 0/78       AC: 17    Str: 17    XL:     9   Next: 73%
Magic:  9/9        EV:  8    Int:  8    God:
Gold:   433        SH:  0    Dex: 15    Spells: 8/8 levels left

rFire    . . .     SeeInvis .   b - +3 falchion
rCold    . . .     Gourm    .   (no shield)
rNeg     . . .     Faith    .   l - +0 plate armour
rPois    .         Spirit   .   h - +1 hat
rElec    .         Reflect  .   E - +0 cloak
rCorr    .         Harm     .   A - +0 pair of gloves
MR       .....                  (no boots)
Stlth    ..........             (no amulet)
HPRegen  0.23/turn              (no ring)
MPRegen  0.11/turn              (no ring)

@: very slightly contaminated, invisible
A: no striking features
a: no special abilities


You were on level 7 of the Dungeon.
You were very hungry.

You visited 2 branches of the dungeon, and saw 8 of its levels.
You also visited: Sewer.

You collected 433 gold pieces.

Inventory:

Hand Weapons
 a - a +0 short sword of venom
 b - a +3 falchion (weapon)
 z - a +0 long sword
 H - a +0 rapier
 I - a +4 short sword
 L - a +0 short sword of draining
Missiles
 r - 26 poisoned darts
 B - 2 throwing nets (quivered)
Armour
 h - a +1 hat (worn)
 l - a +0 plate armour (worn)
 A - a +0 pair of gloves (worn)
 E - a +0 cloak (worn)
Jewellery
 j - a +3 amulet of reflection
 C - an uncursed amulet of harm
Wands
 M - a wand of iceblast (8)
Scrolls
 d - a scroll of random uselessness {unknown}
 g - 2 scrolls of magic mapping {unknown}
 i - a scroll of silence {unknown}
 k - 2 scrolls of teleportation
 m - 3 scrolls of amnesia {unknown}
 o - 3 scrolls of immolation {unknown}
 s - 3 scrolls of enchant weapon {unknown}
 v - a scroll of enchant armour {unknown}
 w - 2 scrolls of fog
 y - 2 scrolls of remove curse
 K - 2 scrolls of identify
 N - a scroll of blinking {unknown}
Potions
 c - a potion of cancellation {unknown}
 e - 2 potions of brilliance {unknown}
 n - a potion of flight {unknown}
 q - 3 potions of curing
 u - 2 potions of haste
 x - a potion of mutation {unknown}
 D - 2 potions of berserk rage {unknown}
 F - a potion of might {unknown}
 G - a potion of resistance {unknown}
Comestibles
 f - 15 rations


   Skills:
 + Level 6.4 Fighting
 * Level 8.3 Long Blades
 - Level 1.7 Throwing
 * Level 7.4 Armour
 * Level 6.3 Dodging


You had 8 spell levels left.
You didn't know any spells.
Your spell library was empty.

Dungeon Overview and Level Annotations

Branches:
Dungeon (7/15)             Temple (1/1) D:6

Altars:
Ashenzari
Cheibriados
Dithmenos
Elyvilon
Fedhas
Gozag
Hepliaklqana
Kikubaaqudgha
Makhleb
Nemelex Xobeh
Okawaru
Qazlal
Ru
Sif Muna
Trog
Uskayaw
Vehumet
Wu Jian
Xom
Yredelemnul
Zin
The Shining One

Shops:
D:5 [


Message History

You hit the gnoll shaman but do no damage.
The gnoll shaman is almost dead.
The gnoll shaman hits you but does no damage.
You hit the gnoll shaman.
You kill the gnoll shaman!
You hit the gnoll shaman but do no damage.
The gnoll shaman hits you with a +1 whip of electrocution.
You hit the gnoll shaman.
The gnoll shaman is lightly wounded.
You are no longer glowing.
The gnoll shaman hits you but does no damage.
You are electrocuted!
* * * LOW HITPOINT WARNING * * *
The gnoll shaman closely misses you.
You strike the helpless gnoll shaman from behind!
You slash the gnoll shaman!
The gnoll shaman is heavily wounded.
The gnoll shaman hits you but does no damage.
You are electrocuted!
You die...

.'.........'............#
##.....#####.......######
#.....# #####...# #.....#
#.### ####### #.# #.# #.#
#.# ####@# ##.##g#
##...#g# #..#.gg#
#..##cg# ####.######
##.....# #..g#.##
##.g####


You could see a centaur, a gnoll shaman and 4 gnolls.

Vanquished Creatures
  Grinder (Sewer)
  Duvessa (D:6)
  Purgy (D:3)
  An orc warrior (D:5)
  A sky beast (D:3)
  A phantom (Sewer)
  5 ogres
  A centaur (D:7)
  A big kobold (D:7)
  3 bullfrogs
  Dowan (D:6)
  A scorpion (D:6)
  7 wights
  A centaur zombie (D:7)
  A bullfrog zombie (D:3)
  3 crimson imps
  A hound (D:6)
  2 gnoll shamans
  3 orc wizards
  2 orc priests
  Jessica (D:2)
  4 worker ants
  4 big kobold zombies (Sewer)
  A worker ant zombie (D:5)
  10 gnolls
  13 adders
  3 shadow imps
  2 ufetubi (Sewer)
  2 oozes
  5 worms
  2 dart slugs (D:1)
  6 leopard geckos
  15 orcs
  7 bats
  5 giant cockroaches
  7 goblins
  9 hobgoblins
  10 jackals
  6 quokkas
  4 ball pythons
  11 frilled lizards
  23 kobolds
  13 rats
201 creatures vanquished.

Vanquished Creatures (others)
  4 fungi (D:7)
4 creatures vanquished.

Grand Total: 205 creatures vanquished

Notes
Turn   | Place    | Note
-------+----------+-------------------------------------------
     0 | D:1      | Borgoz the Hill Orc Gladiator began the quest for the Orb.
     0 | D:1      | Reached XP level 1. HP: 18/18 MP: 1/1
   185 | D:1      | Reached XP level 2. HP: 25/25 MP: 2/2
   621 | D:1      | Reached XP level 3. HP: 21/30 MP: 3/3
   845 | D:2      | Reached skill level 1 in Armour
   884 | D:2      | Reached skill level 4 in Long Blades
   975 | D:2      | Reached XP level 4. HP: 38/38 MP: 4/4
  1329 | D:2      | Noticed Jessica
  1332 | D:2      | Killed Jessica
  1332 | D:2      | Reached XP level 5. HP: 45/45 MP: 5/5
  1525 | D:2      | Found a bloodstained altar of Trog.
  2167 | D:3      | Noticed a sky beast
  2187 | D:3      | Killed a sky beast
  2187 | D:3      | Reached XP level 6. HP: 32/52 MP: 6/6
  2337 | D:3      | Reached skill level 5 in Long Blades
  2365 | D:3      | Noticed Purgy
  2395 | D:3      | Killed Purgy
  2935 | D:4      | Reached XP level 7. HP: 48/59 MP: 7/7
  3447 | D:4      | Found a glowing drain.
  3484 | Sewer    | Entered a sewer
  3858 | Sewer    | Found an ancient bone altar of Kikubaaqudgha.
  3875 | Sewer    | Noticed Grinder
  3890 | Sewer    | Paralysed by Grinder for 7 turns
  3940 | Sewer    | Paralysed by Grinder for 6 turns
  3948 | Sewer    | Paralysed by Grinder for 6 turns
  3954 | Sewer    | Killed Grinder
  3954 | Sewer    | Reached skill level 6 in Long Blades
  3993 | Sewer    | Reached XP level 8. HP: 13/67 MP: 8/8
  4614 | D:4      | Reached skill level 5 in Armour
  4669 | D:4      | Reached skill level 5 in Fighting
  4900 | D:5      | Entered Level 5 of the Dungeon
  4914 | D:5      | Found Qosagod's Armour Boutique.
  4945 | D:5      | Reached skill level 5 in Dodging
  5644 | D:6      | Reached skill level 7 in Long Blades
  5669 | D:6      | HP: 3/69 [orc warrior/+0 hand axe (2)]
  6049 | D:6      | Reached XP level 9. HP: 60/75 MP: 9/9
  6976 | D:6      | Noticed Dowan
  6976 | D:6      | Noticed Duvessa
  6989 | D:6      | Killed Duvessa
  7022 | D:6      | Killed Dowan
  7035 | D:6      | Found a staircase to the Ecumenical Temple.
  7040 | Temple   | Entered the Ecumenical Temple
  7306 | D:6      | Reached skill level 8 in Long Blades
  7968 | D:7      | Slain by a gnoll shaman

Levels and vault maps discovered:
D:1:      minmay_arrival_open_corners, layout_basic
D:2:      layout_loops_ring, lightli_temple_of_fire, first_ration,
          minmay_pentomino_o2, uniq_jessica
D:3:      layout_basic, uniq_purgy
D:4:      layout_loops_corners, portal_sewer_entry_f, kennysheep_generic_room_15
D:5:      layout_basic, serial_shops, shop
D:6:      layout_loops_ring, minmay_temple_entry_nine_rooms, uniq_duvessa
D:7:      kennysheep_seaside_town, layout_basic, grunt_ogre_cave
Temple:   compressed_dpeg_triangle_lava_temple

Skill      XL: |  1  2  3  4  5  6  7  8  9 |
---------------+----------------------------+-----
Armour         | 1 2 3 4 6 7 |  7.4
Fighting       | 3 4 5 6 |  6.4
Long Blades    | 4 5 6 7 8 |  8.3
Dodging        | 3 4 5 6 |  6.3
Throwing       | |  1.7

Action                   |  1- 3 |  4- 6 |  7- 9 || total
-------------------------+-------+-------+-------++-------
Melee: Long sword        |    90 |   211 |    72 ||   373
       Falchion          |       |       |   459 ||   459
       Short sword       |       |       |    11 ||    11
Throw: Throwing net      |       |     4 |     3 ||     7
       Dart              |       |       |     8 ||     8
  Use: Scroll            |       |     6 |     2 ||     8
       Potion            |       |       |     8 ||     8
 Stab: Held in net/web   |       |     1 |     2 ||     3
       Invisible         |       |       |     2 ||     2
  Eat: Chunk             |       |     7 |    16 ||    23
Armor: Scale mail        |    34 |   116 |   110 ||   260
       Leather armour    |     3 |       |       ||     3
       Skin              |       |       |    19 ||    19
       Plate armour      |       |       |   133 ||   133
Dodge: Dodged            |    46 |   133 |   265 ||   444
Block: Other             |     9 |    29 |    57 ||    95
       Reflection        |       |       |     3 ||     3
       Rpst.: Long sword |    19 |    45 |    16 ||    80
       Falchion          |       |       |    50 ||    50

Table legend:
 A = Non-vault XP
 B = Vault XP
 C = Vault XP percentage of total XP
 D = Non-vault monster count
 E = Vault monster count
 F = Vault count percentage of total count
                 A         B        C        D         E       F
            +---------+---------+-------+---------+---------+-------
      Total |    2513 |    1525 |  37.8 |     148 |      53 |  26.4
            +---------+---------+-------+---------+---------+-------
        D:1 |      40 |       0 |   0.0 |      23 |       0 |   0.0
        D:2 |     117 |      37 |  24.0 |      30 |       1 |   3.2
        D:3 |     269 |     138 |  33.9 |      38 |       1 |   2.6
        D:4 |     255 |      18 |   6.6 |       9 |       7 |  43.8
        D:5 |     289 |       0 |   0.0 |       8 |       0 |   0.0
        D:6 |    1305 |     223 |  14.6 |      33 |       2 |   5.7
        D:7 |     238 |     418 |  63.7 |       7 |       8 |  53.3
      Sewer |       0 |     691 | 100.0 |       0 |      34 | 100.0
            +---------+---------+-------+---------+---------+-------
